 Dungeon Crawl Stone Soup version 0.31-a0-188-g5e087ee2ca (webtiles) character file.

Game seed: 12838478978329447798

783 qw the Skirmisher (level 7, -6/38 (40) HPs)
             Began as a Deep Elf Hunter on June 23, 2023.
             Was a Follower of Okawaru.
             Mangled by a wight
             ... wielding a +1 heavy dire flail
              (22 damage)
             ... on level 5 of the Dungeon.
             The game lasted 00:01:31 (3627 turns).

qw the Skirmisher (Deep Elf Hunter)                 Turns: 3627, Time: 00:01:31

HP:   -6/38 (40)    AC:  7    Str: 10    XL:     7   Next: 55%
MP:   9/11          EV: 17    Int: 14    God:    Okawaru [*.....]
Gold: 142           SH:  0    Dex: 18    Spells: 6/6 levels left

rFire   . . .        Y - +0 orcbow
rCold   + . .        (shield currently unavailable)
rNeg    . . .        j - +2 robe {rC+}
rPois   .            (no helmet)
rElec   .            (no cloak)
rCorr   .            d - +2 pair of gloves
SInv    .            (no boots)
Will    .....        (no amulet)
Stlth   +++          (no ring)
HPRegen 0.26/turn    (no ring)
MPRegen 0.12/turn

%: no passive effects
@: heroic, drained
A: no striking features
a: Renounce Religion, Heroism


You were on level 5 of the Dungeon.
You worshipped Okawaru.
Okawaru was aware of your devotion.
You visited 2 branches of the dungeon, and saw 6 of its levels.

You collected 242 gold pieces.
You spent 100 gold pieces at shops.


   Skills:
 - Level 2.1(7.1) Fighting
 + Level 10.6(15.6) Ranged Weapons
 - Level 4.1(9.1) Dodging
 - Level 1.2(6.2) Stealth
 + Level 3.2 Invocations


You had 6 spell levels left.
You didn't know any spells.
Your spell library was empty.

Inventory:

Hand Weapons
 Y - a +0 orcbow (weapon)
Armour
 d - a +2 pair of gloves (worn)
 j - a +2 robe of cold resistance (worn)
Scrolls
 a - 2 scrolls of enchant armour
 h - a scroll of immolation {unknown}
Potions
 b - a potion of lignification {unknown}
 c - 2 potions of might {unknown}
 e - 3 potions of heal wounds
 f - a potion of curing {unknown}
 g - a potion of degeneration {unknown}
 k - 2 potions of enlightenment

Dungeon Overview and Level Annotations

Branches:
Dungeon (5/15)             Temple (1/1) D:4

Altars:
Ashenzari
Cheibriados
Fedhas
Gozag
Kikubaaqudgha
Makhleb
Okawaru
Qazlal
Ru
Sif Muna
Trog
Uskayaw
Wu Jian
Xom
Zin
The Shining One

Shops:
D:3 !


Message History

You shoot an arrow. The arrow hits the orc!
You kill the orc!
Okawaru accepts your kill.
The orc shouts!
You shoot an arrow. The arrow hits the orc!
You kill the orc!
Okawaru accepts your kill.
An orc comes into view. It is wielding a +0 club.
You shoot an arrow. The arrow hits the orc.
The orc is heavily wounded.
You shoot an arrow. The arrow hits the orc!
You kill the orc!
Okawaru accepts your kill.
Items here: %% ))) [.
Items here: %% ))) [.
Things that are here:
a +0 flail; 3 boomerangs; an orc corpse A wight is nearby!
You shoot an arrow. The arrow closely misses the wight.
You shoot an arrow. The arrow barely misses the wight.
You shoot an arrow. The arrow closely misses the wight.
You shoot an arrow. The arrow hits the wight.
The wight is moderately damaged.
You shoot an arrow. The arrow barely misses the wight.
You hear a bark!
You shoot an arrow. The arrow barely misses the wight.
A jackal comes into view.
You shoot an arrow. The arrow hits the wight.
The wight is moderately damaged.
The wight hits you with a +1 heavy dire flail!!
Ouch! That really hurt!
You feel drained.
3626 ||| INVOKING Heroism.
You gain the combat prowess of a mighty hero.
You shoot an arrow.
The arrow hits the wight but does no damage.
The wight is moderately damaged.
The wight hits you with a +1 heavy dire flail!!
Ouch! That really hurt!
You die...

##.....#~~~~#.#.....#
.......##~~##.#.....#############
........#~~#..#.....#....##......
.......##++##.#.....##....#.#####
.......# #.......'............
.......######.......##.#<.#..####
...............#h#####......>....
..........######z### #.#.###.....
..........# #@..###.....#.....
..........# #.###.#######...>.
..........# #.# #.########....
..........# #.# #...)....'....
..........######.# #.########....
############.)...# #.# #####
#.###.###.# #.#....<#.#
###)#.....#.#


You could see a wight and a jackal.

Vanquished Creatures
  A steam dragon (D:5)
  A phantom (D:5)
  A bullfrog (D:5)
  3 wights (D:5)
  A jelly (D:4)
  An iguana (D:4)
  A sleepcap (D:5)
  An orc wizard (D:3)
  8 gnolls
  6 adders
  A white imp (D:5)
  3 ufetubi
  3 worms
  3 dart slugs
  6 orcs
  8 endoplasms
  4 giant cockroaches
  7 goblins
  8 hobgoblins
  9 jackals
  3 kobolds
  4 quokkas
  4 ball pythons
  4 bats
  A frilled lizard (D:2)
  3 rats
95 creatures vanquished.

Notes
Turn   | Place    | Note
-------+----------+-------------------------------------------
     0 | D:1      | qw the Deep Elf Hunter began the quest for the Orb.
     0 | D:1      | Reached XP level 1. HP: 12/12 MP: 3/3
     0 | D:1      | 0 ||| qw: Version: 0.3-a-9-g12657ce
     0 | D:1      | 0 ||| qw: Game counter: 4093
     0 | D:1      | 0 ||| qw: Always use a shield: true
     0 | D:1      | 0 ||| qw: God list: Okawaru
     0 | D:1      | 0 ||| qw: Allow faded altars: false
     0 | D:1      | 0 ||| qw: Do Orc after D:15 true
     0 | D:1      | 0 ||| qw: Do second Lair branch before Depths: true
     0 | D:1      | 0 ||| qw: Lair rune preference: random
     0 | D:1      | 0 ||| qw: Plans: Normal
     0 | D:1      | 0 ||| PLANNING D:1-11
   158 | D:1      | Reached skill level 6 in Ranged Weapons
   158 | D:1      | Reached XP level 2. HP: 16/16 MP: 4/4
   651 | D:1      | 651 ||| UPGRADING to +2 pair of gloves.
   656 | D:1      | 656 ||| UPGRADING to +2 robe of cold resistance.
   666 | D:1      | 666 ||| DROPPING +0 leather armour.
   667 | D:1      | 667 ||| READING scroll labelled WOLUGA NUTIJ.
   668 | D:1      | 668 ||| READING scroll labelled NYEKYSEHIRCH.
   669 | D:1      | 669 ||| READING scroll labelled EXIGIM MICH.
   672 | D:1      | 672 ||| READING scroll labelled UVUOT KERAO.
   673 | D:1      | 673 ||| DROPPING scroll of butterflies.
   785 | D:2      | Reached XP level 3. HP: 20/20 MP: 5/5
   936 | D:2      | Reached skill level 7 in Ranged Weapons
   947 | D:2      | Reached XP level 4. HP: 25/25 MP: 6/6
  1562 | D:2      | 1562 ||| READING scroll labelled VENLYNL UTOGA.
  1563 | D:2      | 1563 ||| READING scroll labelled ZEL NAOFEIQOAX.
  1564 | D:2      | 1564 ||| READING scroll labelled JAGGEM ULOL.
  1566 | D:2      | 1566 ||| Stepping ~*~*~tactically~*~*~ (cloud).
  1570 | D:2      | HP: 6/25 [poisoned by you (poison gas)]
  1575 | D:2      | HP: 2/25 [poisoned by you (poison gas)]
  1686 | D:3      | Found the +9 sword of Power {lifebolt}
  1861 | D:3      | Reached skill level 8 in Ranged Weapons
  1925 | D:3      | Reached XP level 5. HP: 29/29 MP: 7/7
  1933 | D:3      | Found Kucvigel's Distillery.
  1943 | D:3      | 1943 ||| BUYING 2 potions of heal wounds (100 gold).
  1943 | D:3      | Bought 2 potions of heal wounds for 100 gold pieces
  1943 | D:3      | 1943 ||| SHOPLISTING potion of cancellation (80 gold, have
                  | 31).
  1943 | D:3      | 1943 ||| SHOPLISTING potion of enlightenment (50 gold, have
                  | 31).
  1943 | D:3      | 1943 ||| SHOPLISTING potion of haste (100 gold, have 31).
  1943 | D:3      | 1943 ||| SHOPLISTING potion of heal wounds (50 gold, have
                  | 31).
  1955 | D:3      | Reached skill level 3 in Dodging
  1999 | D:3      | Found a sacrificial altar of Ru.
  2000 | D:3      | 2000 ||| SWAPPING to +0 orcbow.
  2001 | D:3      | 2001 ||| DROPPING +0 shortbow.
  2225 | D:3      | 2225 ||| READING scroll labelled NIATAI CAME.
  2226 | D:3      | 2226 ||| READING scroll labelled BOUNKE BENEHEU.
  2227 | D:3      | 2227 ||| READING scroll labelled GAIMIA GYVVIR.
  2228 | D:3      | 2228 ||| DRINKING 2 smoky golden potions.
  2229 | D:3      | 2229 ||| DRINKING 2 coppery potions.
  2230 | D:3      | 2230 ||| DROPPING potion of brilliance.
  2251 | D:4      | Found a snail-covered altar of Cheibriados.
  2272 | D:4      | Found a staircase to the Ecumenical Temple.
  2273 | D:4      | 2273 ||| PLANNING TEMPLE
  2283 | Temple   | Entered the Ecumenical Temple
  2318 | Temple   | 2318 ||| PLANNING OKAWARU WORSHIP
  2324 | Temple   | Became a worshipper of Warmaster Okawaru
  2325 | Temple   | 2325 ||| PLANNING D:1-11
  2422 | D:4      | Reached skill level 9 in Ranged Weapons
  2598 | D:4      | 2598 ||| Stepping ~*~*~tactically~*~*~ (outnumbered).
  2628 | D:4      | Found a snail-covered altar of Cheibriados.
  2963 | D:4      | 2963 ||| READING scroll labelled MUNIST LUJOT.
  2974 | D:5      | Entered Level 5 of the Dungeon
  2975 | D:5      | 2975 ||| PLANNING SEWER
  3070 | D:5      | Reached XP level 6. HP: 24/35 MP: 8/8
  3149 | D:5      | Reached * piety under Okawaru
  3150 | D:5      | Reached skill level 10 in Ranged Weapons
  3155 | D:5      | Reached skill level 1 in Invocations
  3157 | D:5      | 3157 ||| Stepping ~*~*~tactically~*~*~ (water).
  3179 | D:5      | Noticed a steam dragon
  3180 | D:5      | 3180 ||| INVOKING Heroism.
  3192 | D:5      | Killed a steam dragon
  3193 | D:5      | Reached XP level 7. HP: 11/40 MP: 7/10
  3219 | D:5      | 3219 ||| INVOKING Heroism.
  3323 | D:5      | 3323 ||| Stepping ~*~*~tactically~*~*~ (outnumbered).
  3327 | D:5      | 3327 ||| Stepping ~*~*~tactically~*~*~ (outnumbered).
  3335 | D:5      | 3335 ||| INVOKING Heroism.
  3491 | D:5      | Reached skill level 3 in Invocations
  3545 | D:5      | Found a blossoming altar of Fedhas.
  3574 | D:5      | Identified the +5 long sword of the Jester {freeze, Str+3}
  3626 | D:5      | 3626 ||| INVOKING Heroism.
  3627 | D:5      | Mangled by a wight

Levels and vault maps discovered:
D:1:      lightli_arrival_quake, layout_basic
D:2:      layout_basic
D:3:      layout_rooms, nicolae_ru_awakened_eye, serial_shops, shop,
          kennysheep_another_room
D:4:      layout_basic, cheibriados_altar_1,
          minmay_temple_entry_statues_pillars, minmay_ruined_shrine
D:5:      layout_basic, fedhas_ov_isle_minmay, gup_sewer_entry_bowl,
          st_stairs_6, chequers_big_river
Temple:   nicolae_temple_god_jail

Skill      XL: |  1  2  3  4  5  6  7 |
---------------+----------------------+-----
Ranged Weapons | 6 7 8 9 10 | 10.6
Dodging        | 3 4 |  4.1
Fighting       | 2 |  2.1
Invocations    | 2 3 |  3.2
Stealth        | |  1.2

Action                     |  1- 3 |  4- 6 |  7- 9 || total
---------------------------+-------+-------+-------++-------
   Fire: Shortbow          |    63 |    74 |       ||   137
         Orcbow            |       |   133 |    54 ||   187
 Invoke: Heroism           |       |     1 |     3 ||     4
    Use: Scroll            |     4 |     7 |       ||    11
         Potion            |       |     2 |       ||     2
 Armour: Leather armour    |     2 |       |       ||     2
         Robe              |     2 |    20 |     3 ||    25
  Dodge: Dodged            |     7 |    43 |    14 ||    64

Table legend:
 A = Non-vault XP
 B = Vault XP
 C = Vault XP percentage of total XP
 D = Non-vault monster count
 E = Vault monster count
 F = Vault count percentage of total count
                 A         B        C        D         E       F
            +---------+---------+-------+---------+---------+-------
      Total |     970 |     149 |  13.3 |      84 |      11 |  11.6
            +---------+---------+-------+---------+---------+-------
        D:1 |      24 |       0 |   0.0 |      13 |       0 |   0.0
        D:2 |     108 |       0 |   0.0 |      19 |       0 |   0.0
        D:3 |      87 |       0 |   0.0 |      18 |       0 |   0.0
        D:4 |     109 |      30 |  21.6 |      12 |       6 |  33.3
        D:5 |     642 |     119 |  15.6 |      22 |       5 |  18.5
            +---------+---------+-------+---------+---------+-------
